Map: Apotheosis LE

Players

ShoWTimE

  • Race: Protoss Protoss

Neeb - Winner!

  • Race: Protoss Protoss
  • League: Diamond

Event: IEM Season 11 - Shanghai

VOD

Have the link to the VOD?

Description

Time

  • Played on: July 29, 2016, 10:12 a.m.
  • Length: 35:16

All games in this series

Show
View Real Time Build Order
Export as new Build Order

ShoWTimE Protoss 

Build Orders: Oracle Opening 

Get SALT Encoding   

  12  0:00  Probe (Chrono Boost)  
  13  0:11  Probe (Chrono Boost)  
  14  0:17  Pylon  
  14  0:22  Probe (Chrono Boost)  
  15  0:36  Probe (Chrono Boost), Gateway  
  16  0:44  Assimilator  
  16  0:46  Probe (Chrono Boost)  
  17  0:53  Assimilator  
  18  0:57  Probe (Chrono Boost)  
  18  1:04  Gateway  
  18  1:07  Probe (Chrono Boost)  
  19  1:18  Probe (Chrono Boost)  
  20  1:23  Cybernetics Core  
  20  1:28  Probe (Chrono Boost)  
  21  1:33  Pylon  
  21  1:39  Probe (Chrono Boost)  
  22  1:49  Probe (Chrono Boost)  
  23  2:01  Adept x2  
  23  2:07  Mothership Core (Chrono Boost)  
  29  2:08  Warp Gate  
  29  2:15  Pylon  
  29  2:28  Adept  
  31  2:30  Adept  
  33  2:42  Stargate  
  33  2:54  Adept  
  33  2:57  Adept  
  37  3:05  Pylon  
  36  3:24  Oracle  
  36  3:34  Probe (Chrono Boost)  
  36  3:47  Probe (Chrono Boost)  
  37  3:49  Nexus  
  37  3:55  Oracle  
  37  3:59  Probe (Chrono Boost)  
  42  4:11  Probe (Chrono Boost)  
  42  4:15  Robotics Facility  
  42  4:23  Probe (Chrono Boost)  
  43  4:33  Probe (Chrono Boost)  
  43  4:34  Pylon  
  44  4:44  Probe (Chrono Boost)  
  43  4:54  Probe (Chrono Boost)  
  42  5:02  Gateway  
  42  5:04  Probe (Chrono Boost)  
  42  5:05  Probe (Chrono Boost)  
  42  5:06  Observer  
  45  5:13  Sentry x2  
  49  5:15  Probe x2 (Chrono Boost), Pylon  
  51  5:23  Twilight Council  
  51  5:25  Probe (Chrono Boost)  
  51  5:26  Probe (Chrono Boost)  
  50  5:31  Immortal  
  54  5:36  Probe x2 (Chrono Boost)  
  54  5:41  Gateway  
  56  5:45  Gateway  
  56  5:47  Adept  
  56  5:48  Resonating Glaives  
  58  5:51  Pylon  
  58  6:03  Gateway  
  58  6:04  Gateway  
  58  6:09  Adept x2  
  62  6:15  Adept  
  62  6:17  Immortal  
  67  6:30  Assimilator  
  67  6:35  Pylon  
  67  6:39  Adept x2  
  71  6:40  Adept x2  
  71  6:44  Pylon  
  75  6:51  Warp Prism  
  75  6:55  Pylon  
  75  6:58  Probe (Chrono Boost)  
  78  7:03  Adept  
  78  7:04  Adept x2  
  84  7:11  Adept  
  86  7:19  Pylon  
  86  7:25  Nexus  
  86  7:41  Adept  
  86  7:42  Adept x4  
  96  7:46  Adept  
  96  7:48  Adept  
  100  8:03  Pylon  
  100  8:07  Adept x4  
  108  8:19  Pylon  
  108  8:28  Dark Shrine  
  108  8:37  Adept  
  92  9:35  Pylon  
  92  9:36  Pylon, Nexus  
  92  9:38  Pylon  
  92  9:46  Pylon  
  88  10:48  Gateway  
  87  11:09  Gateway  
  87  11:11  Assimilator, Gateway  
  87  11:13  Pylon  
  87  11:39  Cybernetics Core  
  87  11:41  Gateway  
  87  11:50  Pylon  
  87  11:51  Pylon  
  87  11:53  Pylon x2  
  87  12:11  Pylon  
  87  12:16  Pylon  
  87  12:23  Pylon  
  83  12:30  Adept x2  
  86  12:40  Adept  
  85  13:09  Pylon  
  85  13:16  Pylon  
  85  13:17  Twilight Council  
  85  13:19  Pylon  
  85  13:26  Assimilator  
  85  13:27  Adept  
  85  13:31  Pylon  
  87  13:34  Sentry  
  87  13:35  Sentry  
  91  13:42  Assimilator  
  89  14:18  Stalker x3  
  95  14:26  Nexus  
  95  14:29  Dark Shrine  
  95  14:41  Pylon  
  95  14:48  Adept x2  
  99  15:04  Adept  
  101  15:13  Probe (Chrono Boost)  
  102  15:21  Adept x2  
  106  15:23  Probe (Chrono Boost)  
  106  15:25  Gateway  
  107  15:34  Probe (Chrono Boost)  
  108  15:40  Probe (Chrono Boost)  
  109  15:44  Probe (Chrono Boost), Dark Templar  
  109  15:45  Dark Templar  
  114  15:50  Archon  
  114  15:51  Probe (Chrono Boost)  
  114  15:55  Probe (Chrono Boost)  
  116  16:00  Stalker  
  116  16:01  Probe (Chrono Boost)  
  113  16:18  Stalker x2  
  114  16:21  Probe x2 (Chrono Boost)  
  111  16:40  Dark Templar  
  111  16:41  Adept x2  
  111  16:42  Adept  
  119  16:52  Pylon  
  117  17:01  Adept x2  
  117  17:19  Dark Templar x2  
  117  17:20  Probe x2 (Chrono Boost)  
  117  17:22  Assimilator  
  123  17:23  Archon  
  123  17:26  Assimilator  
  123  17:28  Adept  
  125  17:31  Probe x2 (Chrono Boost)  
  127  17:40  Adept  
  127  17:41  Probe x2 (Chrono Boost)  
  128  17:51  Adept  
  129  17:52  Probe (Chrono Boost)  
  129  18:04  Pylon  
  129  18:08  Stalker x3  
  129  18:10  Pylon  
  135  18:17  Probe x2 (Chrono Boost)  
  123  18:36  Adept x4  
  62  19:03  Adept  
  62  19:04  Adept x3  
  52  19:24  Adept  
  52  19:25  Adept x3  
  52  19:51  Dark Templar x2  
  52  19:52  Dark Templar  
  58  19:59  Dark Templar  
  60  20:00  Archon  
  60  20:05  Archon  
  56  20:10  Pylon  
  54  20:25  Mothership Core (Chrono Boost)  
  54  20:27  Adept x3  
  60  20:32  Adept  
  55  20:54  Adept x4  
  57  21:14  Adept  
  57  21:15  Adept  
  54  21:19  Adept x2  
  53  21:31  Templar Archives  
  45  21:59  Dark Templar x2  
  45  22:03  Archon  
  45  22:04  Mothership Core (Chrono Boost)  
  47  22:11  High Templar  
  47  22:13  High Templar  
  51  22:18  Archon  
  37  22:41  High Templar x2  
  33  22:46  Archon  
  33  22:47  High Templar x2  
  33  22:51  Archon  
  34  23:15  High Templar x2  
  34  23:19  Archon  
  38  23:20  Probe (Chrono Boost)  
  38  23:23  Adept x2  
  43  23:27  Pylon  
  43  23:31  Probe (Chrono Boost)  
  44  23:41  Probe (Chrono Boost)  
  44  23:47  Dark Templar  
  47  23:52  Probe (Chrono Boost)  
  48  23:57  Probe (Chrono Boost)  
  49  24:06  Mothership Core (Chrono Boost)  
  39  24:24  Probe (Chrono Boost)  
  40  24:37  Adept x2  
  44  24:44  Probe (Chrono Boost)  
  44  24:45  Probe (Chrono Boost)  
  44  24:55  Probe (Chrono Boost)  
  44  25:00  Adept  
  46  25:13  Adept  
  48  25:24  Probe (Chrono Boost)  
  49  25:37  Probe (Chrono Boost)  
  50  25:54  Adept  
  50  26:17  Pylon  
  50  26:19  Pylon  
  50  26:27  Pylon  
  36  26:48  Twilight Council  
  36  26:51  Probe (Chrono Boost)  
  37  27:01  Probe (Chrono Boost)  
  37  27:05  Adept x2  
  42  27:12  Probe (Chrono Boost)  
  42  27:15  Adept  
  45  27:29  Templar Archives  
  45  27:51  Gateway  
  45  28:06  Probe (Chrono Boost)  
  45  28:10  Pylon  
  46  28:16  Probe (Chrono Boost)  
  47  28:25  Robotics Facility  
  48  28:27  Probe (Chrono Boost)  
  48  28:29  High Templar  
  48  28:30  High Templar  
  48  28:34  Archon  
  52  28:39  Probe (Chrono Boost)  
  53  28:44  High Templar  
  53  28:45  High Templar  
  57  28:49  Archon  
  57  28:57  Pylon  
  57  29:05  Adept x2  
  61  29:16  Immortal  
  63  29:32  Adept  
  65  29:38  Adept  
  67  30:00  High Templar x2  
  67  30:04  Archon  
  71  30:29  Pylon  
  71  30:46  Observer  
  71  30:47  Nexus  
  71  30:49  Pylon  
  72  30:53  Pylon  
  73  31:03  Robotics Bay  
  72  31:17  Pylon  
  71  31:19  Adept  
  71  31:20  Adept x2  
  77  31:44  Pylon  
  74  31:54  Adept  
  74  31:58  Adept  
  78  32:05  Sentry  
  75  32:19  Adept x2  
  79  32:29  Robotics Facility  
  75  33:36  Nexus  
  68  34:42  Assimilator  
Show
View Real Time Build Order
Export as new Build Order

Neeb Protoss - Winner!

Build Orders: Zealot Archon 

Get SALT Encoding   

  12  0:00  Probe (Chrono Boost)  
  13  0:11  Probe (Chrono Boost)  
  14  0:18  Pylon  
  14  0:21  Probe (Chrono Boost)  
  15  0:36  Probe (Chrono Boost)  
  15  0:37  Gateway  
  16  0:47  Probe (Chrono Boost)  
  16  0:48  Assimilator  
  17  0:54  Assimilator  
  17  0:57  Probe (Chrono Boost)  
  18  1:08  Probe (Chrono Boost)  
  18  1:09  Gateway  
  19  1:18  Probe (Chrono Boost)  
  19  1:24  Cybernetics Core  
  20  1:29  Probe (Chrono Boost)  
  21  1:35  Pylon  
  21  1:39  Probe (Chrono Boost)  
  22  1:45  Warp Gate  
  22  1:50  Probe (Chrono Boost)  
  23  2:02  Probe (Chrono Boost), Adept  
  23  2:03  Adept  
  29  2:16  Mothership Core (Chrono Boost)  
  29  2:18  Pylon  
  29  2:32  Stalker  
  29  2:36  Stalker  
  33  2:59  Nexus  
  33  3:04  Probe (Chrono Boost)  
  34  3:08  Sentry  
  35  3:16  Probe (Chrono Boost)  
  35  3:28  Probe (Chrono Boost)  
  35  3:33  Robotics Facility  
  35  3:39  Probe (Chrono Boost)  
  36  3:48  Pylon  
  36  3:50  Probe (Chrono Boost)  
  37  3:57  Sentry  
  39  4:03  Twilight Council  
  39  4:06  Probe (Chrono Boost)  
  38  4:12  Stalker  
  41  4:17  Probe (Chrono Boost)  
  41  4:18  Probe (Chrono Boost)  
  41  4:20  Observer  
  43  4:27  Probe (Chrono Boost)  
  43  4:29  Probe (Chrono Boost)  
  45  4:32  Pylon  
  45  4:42  Stalker  
  45  4:44  Stalker  
  47  5:00  Probe (Chrono Boost), Resonating Glaives  
  47  5:01  Probe (Chrono Boost)  
  49  5:11  Probe (Chrono Boost)  
  49  5:14  Probe (Chrono Boost), Stalker  
  53  5:15  Stalker  
  53  5:18  Immortal  
  59  5:21  Probe (Chrono Boost)  
  59  5:26  Probe (Chrono Boost)  
  58  5:33  Probe (Chrono Boost)  
  59  5:38  Probe (Chrono Boost), Pylon  
  59  5:39  Adept  
  62  5:45  Probe (Chrono Boost)  
  64  5:50  Probe (Chrono Boost)  
  64  5:54  Gateway x2  
  64  5:55  Immortal  
  65  5:57  Probe (Chrono Boost)  
  65  6:03  Assimilator  
  70  6:08  Gateway  
  69  6:11  Gateway  
  67  6:23  Gateway  
  67  6:24  Gateway  
  67  6:26  Probe x2 (Chrono Boost)  
  67  6:33  Immortal  
  67  6:34  Adept x2  
  75  6:43  Pylon  
  77  6:47  Probe x2 (Chrono Boost)  
  77  6:54  Templar Archives  
  77  6:58  Assimilator  
  77  6:59  Probe (Chrono Boost)  
  77  7:01  Pylon  
  79  7:02  Adept  
  80  7:09  Pylon  
  80  7:14  Warp Prism  
  81  7:26  Probe x2 (Chrono Boost)  
  81  7:27  Adept  
  81  7:28  Adept  
  87  7:35  High Templar x2  
  91  7:40  Adept x2, Archon  
  91  7:42  Adept  
  97  7:46  Pylon  
  95  8:01  Adept x3  
  101  8:06  Pylon  
  101  8:09  Pylon  
  101  8:21  Nexus  
  101  8:26  Adept x5, Observer  
  101  8:27  Adept  
  81  10:16  Nexus  
  81  10:17  Pylon  
  81  10:20  Pylon  
  81  10:21  Pylon  
  80  11:13  Pylon  
  78  11:51  Gateway  
  78  11:52  Pylon  
  78  11:58  Pylon  
  74  12:43  Pylon  
  74  12:45  Pylon  
  74  12:46  Pylon  
  74  12:48  Pylon  
  74  12:50  Pylon  
  74  12:51  Pylon  
  73  13:02  Cybernetics Core  
  73  13:03  Probe (Chrono Boost)  
  74  13:13  Probe (Chrono Boost)  
  75  13:20  Assimilator  
  75  13:24  Probe (Chrono Boost), Assimilator  
  76  13:34  Probe (Chrono Boost)  
  77  13:41  Pylon  
  77  13:45  Probe (Chrono Boost)  
  79  13:55  Probe (Chrono Boost)  
  79  13:59  Stargate  
  79  14:00  Stargate  
  79  14:01  Protoss Air Weapons Level 1  
  79  14:10  Mothership Core (Chrono Boost)  
  81  14:29  Probe (Chrono Boost)  
  82  14:37  Adept  
  84  14:39  Probe (Chrono Boost)  
  85  14:46  Phoenix  
  85  14:47  Phoenix  
  89  14:56  Probe (Chrono Boost)  
  90  15:09  Phoenix  
  90  15:13  Probe (Chrono Boost)  
  93  15:26  Phoenix  
  95  15:42  Phoenix  
  97  16:01  Nexus  
  97  16:08  Phoenix  
  99  16:30  Probe (Chrono Boost)  
  100  16:42  Gateway  
  100  16:45  Gateway  
  100  16:46  Gateway  
  100  16:53  Probe (Chrono Boost)  
  101  17:05  Probe (Chrono Boost)  
  103  17:17  Probe (Chrono Boost)  
  103  17:18  Probe (Chrono Boost)  
  104  17:25  Adept  
  104  17:28  Probe (Chrono Boost), Gateway  
  104  17:29  Probe (Chrono Boost)  
  108  17:39  Probe (Chrono Boost)  
  108  17:41  Adept x2  
  113  17:46  Probe (Chrono Boost)  
  113  17:50  Adept  
  117  17:51  Probe (Chrono Boost)  
  117  17:54  Pylon  
  118  17:58  Probe (Chrono Boost)  
  118  18:01  Gateway  
  118  18:04  Probe (Chrono Boost)  
  119  18:18  Adept x4  
  129  18:20  Probe (Chrono Boost)  
  129  18:21  Probe (Chrono Boost)  
  129  18:24  Pylon  
  129  18:30  Probe (Chrono Boost)  
  124  18:39  Adept x2  
  124  18:40  Adept x2  
  118  18:46  Adept  
  68  19:03  Adept x4  
  68  19:06  Probe (Chrono Boost)  
  68  19:08  Probe (Chrono Boost)  
  67  19:18  Pylon  
  67  19:23  Adept x3  
  63  19:24  Adept x2  
  63  19:38  Adept  
  63  19:48  Adept x2  
  63  19:49  Adept x3  
  72  19:55  Probe (Chrono Boost)  
  73  20:09  Adept x2  
  73  20:10  Adept x4  
  85  20:19  Twilight Council  
  85  20:25  Mothership Core (Chrono Boost)  
  75  20:40  Adept x2  
  75  20:41  Adept x4  
  72  21:00  Robotics Facility  
  72  21:02  Assimilator  
  72  21:03  Assimilator  
  67  21:04  Probe (Chrono Boost)  
  67  21:06  Probe (Chrono Boost)  
  65  21:14  Adept x2  
  65  21:15  Adept x2  
  49  21:35  Adept x3  
  49  21:36  Adept x2  
  59  21:45  Adept  
  59  22:05  Adept  
  59  22:06  Adept x2  
  65  22:16  Adept x2  
  65  22:18  Adept  
  61  22:45  Adept  
  61  22:46  Adept x4  
  71  22:59  Probe (Chrono Boost)  
  71  23:00  Probe (Chrono Boost)  
  71  23:19  Adept x3  
  77  23:20  Adept x3  
  83  23:27  Pylon  
  83  23:28  Probe (Chrono Boost)  
  83  23:29  Probe (Chrono Boost)  
  83  23:47  Sentry x2, Adept x2  
  91  23:51  Robotics Facility  
  91  23:54  Adept x2  
  95  24:01  Assimilator  
  93  24:14  Probe (Chrono Boost)  
  93  24:16  Probe (Chrono Boost)  
  95  24:23  Robotics Facility  
  83  24:37  Observer  
  81  24:54  Immortal  
  64  26:48  Nexus  
  64  27:07  Templar Archives  
  64  27:34  Pylon  
  64  27:46  High Templar x2  
  68  27:52  Archon  
  68  28:14  Assimilator  
  68  28:15  Assimilator  
  66  28:24  Immortal  
  68  28:34  Immortal  
  72  28:44  Adept  
  74  28:58  Immortal  
  74  29:06  Adept  
  80  29:10  Adept  
  82  29:24  Immortal  
  84  29:42  Immortal  
  84  30:08  Adept x4  
  84  30:12  Adept  
  90  30:34  Adept  
  90  30:35  Adept x2  
  96  30:36  Adept  
  98  30:44  Pylon  
  98  30:51  Adept  
  98  30:52  Adept  
  100  31:32  Observer  
  100  31:37  Nexus  
  101  31:41  Pylon  
  101  31:43  Adept x2  
  101  32:05  Adept x3  
  103  32:25  Robotics Bay  
  100  33:36  Adept  
  102  33:43  Pylon  
  102  33:44  Pylon  
  102  33:46  Pylon  
  102  33:48  Pylon  
  102  33:49  Pylon  
  102  33:53  Dark Shrine  
  102  34:11  Dark Shrine  
  102  34:20  Assimilator  
  102  34:21  Assimilator  
  102  34:24  Pylon  
  102  34:26  Pylon  
  102  34:29  Pylon  
  102  34:31  Pylon  

Tags
 
Add a new tag
Caveats
  • Supply blocks, unpowered buildings, or Contaminate may cause inaccurate times.
  • Supply counts are checked every 10 seconds.